 Dungeon Crawl Stone Soup version 0.30-a0-996-ga6910c8ee8 (webtiles) character file.

Game seed: 11050111674398711614

191 Maxmaps the Ducker (level 5, 0/41 HPs)
             Began as a Demonspawn Monk on Apr 5, 2023.
             Slain by a gnoll bouda
             ... wielding a +0 whip
              (7 damage)
             ... on level 4 of the Dungeon.
             The game lasted 00:04:41 (2928 turns).

Maxmaps the Ducker (Demonspawn Monk)                Turns: 2928, Time: 00:04:42

Health: 0/41       AC:  9    Str: 11    XL:     5   Next: 41%
Magic:  5/5        EV: 10    Int: 14    God:
Gold:   163        SH:  0    Dex: 15    Spells: 4/4 levels left

rFire   . . .      SeeInvis .    g - +2 whip (freeze)
rCold   . . .      Faith    .    (no shield)
rNeg    . . .      Spirit   .    t - +0 scale mail
rPois   .          Reflect  .    (no helmet)
rElec   .          Rampage  .    v - +0 cloak
rCorr   .                        i - +0 pair of gloves
Will    .....                    (no boots)
Stlth   +                        (no amulet)
HPRegen 0.26/turn                l - ring of wizardry
MPRegen 0.18/turn                (no ring)

@: no status effects
A: hooves 1, magic regeneration
a: no special abilities


You were on level 4 of the Dungeon.
You visited 1 branch of the dungeon, and saw 4 of its levels.

You collected 163 gold pieces.

Inventory:

Hand Weapons
 g - a +2 whip of freezing (weapon)
Armour
 i - a +0 pair of gloves (worn)
 o - a +0 ring mail
 t - a +0 scale mail (worn)
 v - a +0 cloak (worn)
Jewellery
 l - a ring of wizardry (left hand)
Wands
 r - a wand of quicksilver (1)
 u - a wand of flame (43)
Scrolls
 c - 4 scrolls of identify {unknown}
 d - a scroll of fog {unknown}
 e - 3 scrolls of fear {unknown}
 j - a scroll of torment {unknown}
 q - a scroll of enchant weapon {unknown}
 w - a scroll of immolation {unknown}
 y - a scroll of teleportation {unknown}
Potions
 a - a potion of haste {unknown}
 f - a potion of heal wounds {unknown}
 h - 2 potions of flight {unknown}
 k - a potion of lignification {unknown}
 m - 2 potions of cancellation {unknown}
 n - a potion of berserk rage {unknown}
 p - a potion of resistance {unknown}
 s - 2 potions of curing {unknown}
 x - a potion of brilliance {unknown}


   Skills:
 - Level 3.0 Fighting
 + Level 3.4 Armour
 - Level 4.0 Dodging
 - Level 1.7 Stealth
 - Level 3.0 Unarmed Combat


You had 4 spell levels left.
You didn't know any spells.
Your spell library contained the following spells:

 Spells                   Type           Power      Damage    Failure   Level
 Apportation              Tloc           0%         N/A       52%         1
 Freeze                   Ice            0%         1d3       52%         1
 Necrotise                Necr           0%         1d4       52%         1
 Summon Small Mammal      Summ           0%         N/A       52%         1
 Frozen Ramparts          Ice            0%         1d1       86%         3
 Hailstorm                Conj/Ice       0%         3d3       86%         3
 Ignite Poison            Fire/Tmut/Pois 0%         N/A       86%         3
 Kindle Blastsparks       Fire/Tloc/Air  0%         2d10      86%         3
 Freezing Cloud           Conj/Ice/Air   0%         6-21      100%        5


Dungeon Overview and Level Annotations

Branches:
Dungeon (4/15)
 Temple: D:4-7

Altars:
Qazlal


Innate Abilities, Weirdness & Mutations

You have large cloven feet.
You regenerate magic rapidly.


Message History

The gnoll hits you but does no damage.
You closely miss the gnoll bouda. Your kick misses the gnoll bouda.
The gnoll is no longer moving quickly.
The gnoll bouda barks out a call to the hunt!
The gnoll picks up the pace!
The gnoll hits you but does no damage.
The gnoll bouda hits you with a +0 whip!
* * * LOW HITPOINT WARNING * * *
You bump into the rock wall.
The gnoll hits you but does no damage.
The gnoll bouda hits you with a +0 whip.
* * * LOW HITPOINT WARNING * * *
You hit the gnoll bouda but do no damage.
You kick the gnoll bouda.
The gnoll bouda is lightly wounded.
The gnoll is no longer moving quickly.
The gnoll hits you from afar with a +0 halberd.
* * * LOW HITPOINT WARNING * * *
The gnoll bouda barks out a call to the hunt!
The gnoll picks up the pace!
You're too confused to move!
The gnoll barely misses you. The gnoll bouda barely misses you.
You hit the gnoll bouda. You freeze the gnoll bouda.
Your punch misses the gnoll bouda.
The gnoll bouda is moderately wounded.
You feel less invigorated.
You feel less confused.
The gnoll hits you from afar with a +0 halberd.
The gnoll bouda hits you with a +0 whip.
You hit the gnoll bouda. You freeze the gnoll bouda.
The gnoll bouda is heavily wounded.
The gnoll hits you from afar with a +0 halberd.
* * * LOW HITPOINT WARNING * * *
The gnoll bouda barely misses you. The gnoll completely misses you.
Unknown command.
The gnoll bouda attacks as you move away!
The gnoll bouda hits you with a +0 whip.
* * * LOW HITPOINT WARNING * * *
The gnoll bouda attacks as you move away!
The gnoll bouda hits you with a +0 whip!
You die...

#........# .#
#........##.#
'........'>.#####
#........#......#
#....?g..#)####.#
.....g...)g.....#
....J[..)#g##.#.######.
..########g##..........
##@####.#######
#.......# #..####.#
#..####.####
#..........#
##.#######.# #.# #.#
#'# #.# #.#


You could see a gnoll bouda and 2 gnolls.

Vanquished Creatures
  Crazy Yiuf (D:2)
  Ijyb (D:3)
  3 gnolls
  An adder (D:2)
  2 worms
  3 dart slugs
  5 orcs (D:4)
  8 endoplasms
  5 giant cockroaches
  4 goblins
  4 hobgoblins
  8 jackals
  7 kobolds
  5 quokkas
  4 ball pythons
  7 bats
  4 frilled lizards
  3 rats
75 creatures vanquished.

Vanquished Creatures (others)
  A jackal (D:3)
  10 plants (D:3)
11 creatures vanquished.

Grand Total: 86 creatures vanquished

Notes
Turn   | Place    | Note
-------+----------+-------------------------------------------
     0 | D:1      | Maxmaps the Demonspawn Monk began the quest for the Orb.
     0 | D:1      | Reached XP level 1. HP: 18/18 MP: 1/1
   137 | D:1      | Gained mutation: You have large cloven feet. [demonic
                  | ancestry]
   137 | D:1      | Reached XP level 2. HP: 22/24 MP: 2/2
   167 | D:1      | Reached skill level 3 in Dodging
   562 | D:1      | Gained mutation: You regenerate magic rapidly. [demonic
                  | ancestry]
   562 | D:1      | Reached XP level 3. HP: 22/29 MP: 3/3
   774 | D:2      | Reached skill level 4 in Dodging
  1036 | D:2      | Reached skill level 1 in Armour
  1059 | D:2      | Found a runed translucent door.
  1060 | D:2      | Noticed Crazy Yiuf
  1131 | D:2      | You fall into a shaft and drop 2 floors!
  1189 | D:3      | Reached XP level 4. HP: 35/35 MP: 4/4
  1777 | D:2      | Killed Crazy Yiuf
  2026 | D:3      | Found a stormy altar of Qazlal.
  2062 | D:3      | Noticed Ijyb
  2080 | D:3      | Killed Ijyb
  2081 | D:3      | Reached XP level 5. HP: 13/41 MP: 5/5
  2928 | D:4      | Slain by a gnoll bouda

Illustrated notes

Levels and vault maps discovered:
D:1:      spicycebolla_arrival_ecumenical, layout_basic, minmay_split_cup_small
D:2:      layout_loops_ring, nicolae_figureground_pulse, uniq_crazy_yiuf_cottage
D:3:      layout_basic, nicolae_qazlal_eye_of_the_storm, chequers_big_river,
          uniq_ijyb
D:4:      layout_basic, nicolae_ashenzari_panopticon, uniq_pargi

Skill      XL: |  1  2  3  4  5 |
---------------+----------------+-----
Unarmed Combat | 3 |  3.0
Dodging        | 3 4 |  4.0
Armour         | 1 2 3 |  3.4
Fighting       | |  3.0
Stealth        | |  1.7

Action                     |  1- 3 |  4- 6 || total
---------------------------+-------+-------++-------
  Melee: Unarmed           |    43 |       ||    43
         Punch             |     4 |     4 ||     8
         Whip              |    65 |   107 ||   172
         Kick              |     8 |    27 ||    35
  Evoke: Wand              |       |     4 ||     4
    Use: Potion            |       |     1 ||     1
   Stab: Sleeping          |     6 |     1 ||     7
 Armour: Robe              |    23 |       ||    23
         Ring mail         |     7 |    15 ||    22
         Scale mail        |       |    35 ||    35
  Dodge: Dodged            |    64 |    72 ||   136

Table legend: (Time is in decaauts)
 A = Elapsed time spent in this place.
 B = Non-inter-level travel time spent in this place.
 C = Inter-level travel time spent in this place.
 D = Time resting spent in this place.
 E = Time spent auto-exploring this place.
 F = Levels seen in this place.
 G = Mean time per level.
                   A        B        C        D        E       F      G
               +--------+--------+--------+--------+--------+-----+--------+
         Total |   2949 |   2753 |    196 |    225 |   1916 |   4 |  737.2 |
       Dungeon |   2949 |   2753 |    196 |    225 |   1916 |   4 |  737.2 |
               +--------+--------+--------+--------+--------+-----+--------+

Top non-repeatable levels by time:
     D:3: 1076 daAuts
     D:2: 1041 daAuts
     D:1: 682 daAuts
     D:4: 149 daAuts
